 Dungeon Crawl Stone Soup version 0.27-a0-58-g0ec5f8ab93 (webtiles) character file.

Game seed: 15331342962215746124

56 Descartes the Ducker (level 3, -3/17 HPs)
             Began as a Felid Monk on Jan 8, 2021.
             Slain by a kobold
             ... wielding a +0 club
              (5 damage)
             ... on level 3 of the Dungeon.
             The game lasted 00:05:30 (2400 turns).

Descartes the Ducker (Felid Monk)                   Turns: 2400, Time: 00:05:31

Health: -3/17      AC:  1    Str:  7 (8)  XL:     3   Next: 71%
Magic:  4/4        EV: 20    Int:  9 (11) God:
Gold:   136        SH:  0    Dex: 17 (18) Spells: 2/2 levels left
                                        Lives:  0   Deaths: 0

rFire    . . .     SeeInvis +     - Unarmed
rCold    . . .     Faith    .   (shield unavailable)
rNeg     . . .     Spirit   .   (armour unavailable)
rPois    .         Reflect  .   (helmet unavailable)
rElec    .         Harm     .   (cloak unavailable)
rCorr    .         Rampage  .   (gloves unavailable)
Will     .....                  (boots unavailable)
Stlth    +++.......             (no amulet)
HPRegen  0.05/turn              (no ring)
MPRegen  0.09/turn              (no ring)

@: lethally poisoned (-3 -> -11), quick
A: very small, no armour, no weapons or thrown items, stealth, claws 1, fangs 3,
see invisible, speed 1, shaggy fur 1, sharp paws
a: no special abilities


You were on level 3 of the Dungeon.
You visited 1 branch of the dungeon, and saw 3 of its levels.

You collected 136 gold pieces.

Inventory:

Missiles
 a - 110 stones
 b - 40 arrows
Jewellery
 j - a +4 ring of slaying {unknown}
 m - an uncursed ring of willpower {unknown}
Scrolls
 c - 3 scrolls of identify {unknown}
 e - a scroll of blinking {unknown}
 f - a scroll of remove curse {unknown}
 g - a scroll of random uselessness {unknown}
 k - a scroll of magic mapping {unknown}
 n - a scroll of amnesia {unknown}
Potions
 d - a potion of heal wounds {unknown}
 h - a potion of magic {unknown}
 i - a potion of flight {unknown}
 l - a potion of degeneration
 o - a potion of curing {unknown}


   Skills:
 - Level 3.0 Fighting
 + Level 4.6 Dodging
 * Level 4.5 Stealth
 + Level 3.5 Unarmed Combat


You had 2 spell levels left.
You didn't know any spells.
Your spell library was empty.

Dungeon Overview and Level Annotations

Branches:
Dungeon (3/15)

Altars:


Innate Abilities, Weirdness & Mutations

You cannot wear armour.
You are incapable of wielding weapons or throwing items.
Your paws allow you to move quietly. (Stealth)
You have sharp claws.
You have razor-sharp teeth.
You have supernaturally acute eyesight. (SInv)
You cover ground quickly.
You are covered in fur. (AC +1)
Your sharp claws are effective at attacking unaware monsters.


Message History

The kobold hits you with a +0 whip. The kobold hits you.
You are too injured to fight recklessly!
You are too injured to fight recklessly!
You barely miss the kobold. The kobold closely misses you.
The kobold barely misses you.
There is an open door here.
The kobold closely misses you.
The kobold throws a poisoned dart.
The poisoned dart hits you!
You are lethally poisoned!
You see here a poisoned dart.
You closely miss the kobold.
You feel sick. The kobold closely misses you. x2
You scratch the kobold.
The kobold is severely wounded.
You feel sick. The kobold hits you with a +0 whip.
* * * LOW HITPOINT WARNING * * *
It was a potion of degeneration.
There was something very wrong with that liquid.
You feel weakened.
You feel dopey.
You feel clumsy. The kobold hits you with a +0 club.
You die...

...### .....
...P# ## #...#.[#
# #... .. ...
#..##'##
....####..#g.(#
.........@#.o.#.#
....(....KKK..#.#
....####(.#####.#
. #..'...#..#.#
#..#.⌠.'..#.#
#..#...####.#
#####..PPP..#
#.......#
+..####.#


You could see 3 kobolds.

Vanquished Creatures
  An adder (D:2)
  A dart slug (D:1)
  2 leopard geckos
  An orc (D:3)
  4 bats
  5 giant cockroaches
  8 goblins
  2 hobgoblins
  3 jackals (D:1)
  5 kobolds
  3 frilled lizards (D:1)
  6 rats
41 creatures vanquished.

Notes
Turn   | Place    | Note
-------+----------+-------------------------------------------
     0 | D:1      | Descartes the Felid Monk began the quest for the Orb.
     0 | D:1      | Reached XP level 1. HP: 10/10 MP: 2/2
   167 | D:1      | Reached XP level 2. HP: 5/14 MP: 3/3
   920 | D:1      | Reached XP level 3. HP: 17/17 MP: 4/4
  2400 | D:3      | Slain by a kobold

Illustrated notes

Levels and vault maps discovered:
D:1:      sevenhm_arrival_forest_fort_large_1, layout_basic
D:2:      layout_basic, chequers_serial_rivers_micro_a, hangedman_glass_teeth
D:3:      corexii_shack_village, layout_basic, minmay_curled_crystal,
          minmay_misc_feat_x, uniq_ijyb

Skill      XL: |  1  2 |
---------------+-------+-----
Stealth        | 3 4 |  4.5
Fighting       | |  3.0
Dodging        | |  4.6
Unarmed Combat | |  3.5

Action                   || total
-------------------------++-------
Melee: Unarmed           ||    94
       Bite              ||     9
  Use: Potion            ||     1
 Stab: Sleeping          ||    12
Armor: Skin              ||     2
Dodge: Dodged            ||    83

Table legend: (Time is in decaauts)
 A = Elapsed time spent in this place.
 B = Non-inter-level travel time spent in this place.
 C = Inter-level travel time spent in this place.
 D = Time resting spent in this place.
 E = Time spent auto-exploring this place.
 F = Levels seen in this place.
 G = Mean time per level.
                   A        B        C        D        E       F      G
               +--------+--------+--------+--------+--------+-----+--------+
         Total |   2089 |   2021 |     68 |      0 |   1780 |   3 |  696.3 |
       Dungeon |   2089 |   2021 |     68 |      0 |   1780 |   3 |  696.3 |
               +--------+--------+--------+--------+--------+-----+--------+

Top non-repeatable levels by time:
     D:1: 1129 daAuts
     D:2: 820 daAuts
     D:3: 138 daAuts
